 Dungeon Crawl Stone Soup version 0.23.2-1-ga50397a6bc (webtiles) character file.

Game seed: 4561265514678407633

606 OneEyedShark the Changer (level 7, -11/45 HPs)
             Began as an Octopode Transmuter on May 28, 2019.
             Mangled by Prince Ribbit (15 damage)
             ... on level 5 of the Dungeon.
             The game lasted 00:15:08 (4840 turns).

OneEyedShark the Changer (Octopode Transmuter)      Turns: 4840, Time: 00:15:08

Health: -11/45     AC:  2    Str:  9    XL:     7   Next: 42%
Magic:  7/11       EV: 21    Int: 15    God:
Gold:   317        SH:  0    Dex: 20    Spells: 6/12 levels left

rFire    . . .     SeeInvis .     - Unarmed
rCold    + . .     Gourm    .   (shield currently unavailable)
rNeg     . . .     Faith    .   (helmet currently unavailable)
rPois    x         Spirit   .   (no amulet)
rElec    .         Reflect  .   n - ring of protection from cold
rCorr    .         Harm     .   (no ring)
MR       .....                  (no ring)
Stlth    +++.......             (no ring)
HPRegen  0.15/turn              (no ring)
MPRegen  0.12/turn              (no ring)
                                (no ring)
                                (no ring)

@: spider-form
A: tiny, almost no armour, stealthy swim, (amphibious), 8 rings, (constrict 8)
a: End Transformation


You were on level 5 of the Dungeon.
You were hungry.
You were a venomous arachnid creature.
You visited 1 branch of the dungeon, and saw 5 of its levels.

You collected 317 gold pieces.

Inventory:

Missiles
 a - 47 arrows
Armour
 q - a +0 large shield
Jewellery
 n - a ring of protection from cold (left front leg)
Wands
 k - a wand of iceblast (7)
 p - a wand of acid (5)
Scrolls
 b - 4 scrolls of identify {unknown}
 e - 3 scrolls of remove curse {unknown}
 f - a scroll of enchant armour {unknown}
 g - 2 scrolls of teleportation {unknown}
 m - a scroll of enchant weapon {unknown}
 r - a scroll of noise {unknown}
 u - a scroll of blinking {unknown}
Potions
 d - a potion of invisibility
 h - a potion of agility
 i - a potion of cancellation {unknown}
 j - a potion of curing
 l - a potion of heal wounds {unknown}
 o - a potion of flight {unknown}
 s - a potion of haste {unknown}
 t - a potion of degeneration {unknown}
 v - a potion of might {unknown}
 w - a potion of ambrosia {unknown}
Comestibles
 c - 14 rations


   Skills:
 + Level 2.7 Fighting
 + Level 3.3 Dodging
 + Level 3.4 Stealth
 + Level 1.9 Shields
 + Level 4.1 Unarmed Combat
 + Level 3.2 Spellcasting
 * Level 4.4 Transmutations


You had 6 spell levels left.
You knew the following spells:

 Your Spells              Type           Power        Failure   Level  Hunger
a - Beastly Appendage     Tmut           ###...       11%         1    #......
b - Sticks to Snakes      Tmut           ###.....     14%         2    ##.....
c - Spider Form           Tmut/Pois      #.........   45%         3    ###....

Your spell library contained the following spells:

 Spells                   Type           Power        Failure   Level  Hunger
 Ice Form                 Ice/Tmut       #.......     80%         4    #####..
 Blade Hands              Tmut           ###.......   83%         5    ######.


Dungeon Overview and Level Annotations

Branches:
Dungeon (5/15)
 Temple: D:4-7

Altars:
Dithmenos
Gozag
Trog

Shops:
D:4 (

Annotations:
D:3 3 runed translucent doors, Foic's ghost, amateur MfWn
D:5 Prince Ribbit


Innate Abilities, Weirdness & Mutations

You cannot wear most types of armour.
You are very stealthy in the water. (Stealth+)
((You are amphibious.))
You can wear up to eight rings at the same time.
((You can use your tentacles to constrict eight enemies at once.))
((Your skin changes colour to match your surroundings (Stealth+).))
((Your rubbery body absorbs attacks. (AC +1, EV +1)))


Message History

You are too injured to fight recklessly!
You miss Prince Ribbit. Your grab misses Prince Ribbit.
Your tentacle-slap misses Prince Ribbit.
You squeeze Prince Ribbit.
Prince Ribbit is heavily wounded.
Prince Ribbit hits you.
You tentacle-slap Prince Ribbit but do no damage.
Your grab misses Prince Ribbit.
Prince Ribbit is severely wounded.
Prince Ribbit croaks regally.
Prince Ribbit hits you!
* * * LOW HITPOINT WARNING * * *
Casting: Spider Form (safe; 24% risk of failure)
Confirm with . or Enter, or press ? or * to list all spells.
You turn into a venomous arachnid creature.
Prince Ribbit barely misses you. Prince Ribbit misses you.
You barely miss Prince Ribbit.
Prince Ribbit is severely wounded.
Prince Ribbit hits you!
You die...

#. #.# #.##.###
#...... .....
##.#.# #.)..#
###....## #
#%.Fs...##.#
###..........##
.............(...
.#####...########
#...# #########
##.## #<.^.....
#.# #.####... #.#
#.# ..
#.####.##.#


You could see Prince Ribbit.

Vanquished Creatures
  Sigmund (D:3)
  2 ogres (D:4)
  A centaur (D:5)
  A howler monkey (D:4)
  A centaur skeleton (D:4)
  4 adders
  An ooze (D:3)
  A worm (D:4)
  A dart slug (D:1)
  3 leopard geckos
  3 orcs
  2 ball pythons (D:2)
  9 bats
  5 giant cockroaches
  11 goblins
  4 hobgoblins
  7 jackals
  A quokka (D:2)
  4 frilled lizards
  9 kobolds
  A quokka skeleton (D:4)
  4 rats
76 creatures vanquished.

Notes
Turn   | Place    | Note
-------+----------+-------------------------------------------
     0 | D:1      | OneEyedShark the Octopode Transmuter began the quest for
                  | the Orb.
     0 | D:1      | Reached XP level 1. HP: 13/13 MP: 3/3
   218 | D:1      | Reached XP level 2. HP: 14/18 MP: 3/5
   496 | D:1      | Reached skill level 1 in Stealth
   864 | D:2      | Learned a level 2 spell: Sticks to Snakes
  1025 | D:2      | Reached XP level 3. HP: 14/23 MP: 6/6
  1213 | D:2      | Found a bloodstained altar of Trog.
  1218 | D:2      | Found a shadowy altar of Dithmenos.
  1399 | D:2      | Learned a level 3 spell: Spider Form
  1912 | D:3      | Noticed Sigmund
  2221 | D:3      | Reached XP level 4. HP: 8/28 MP: 5/7
  2635 | D:3      | HP: 1/28 [Sigmund/+0 scythe (4)]
  2642 | D:3      | Killed Sigmund
  2642 | D:3      | Reached skill level 1 in Shields
  2642 | D:3      | Reached XP level 5. HP: 3/34 MP: 5/9
  2642 | D:3      | Reached XP level 6. HP: 4/39 MP: 5/10
  3297 | D:3      | Found a runed translucent gate.
  3297 | D:3      | Found a runed translucent gate.
  3297 | D:3      | Found a runed translucent gate.
  3297 | D:3      | Noticed Foic's ghost (amateur MfWn)
  4109 | D:4      | Found Pahaed's Antique Weapon Emporium.
  4285 | D:4      | Reached XP level 7. HP: 45/45 MP: 8/11
  4485 | D:4      | Found an opulent altar of Gozag.
  4552 | D:5      | Entered Level 5 of the Dungeon
  4813 | D:5      | Noticed Prince Ribbit
  4840 | D:5      | Mangled by Prince Ribbit

Skill      XL: |  1  2  3  4  5  6  7 |
---------------+----------------------+-----
Stealth        | 1 2 3 |  3.4
Transmutations | 3 4 |  4.4
Fighting       | 2 |  2.7
Shields        | 1 |  1.9
Dodging        | 3 |  3.3
Spellcasting   | 3 |  3.2
Unarmed Combat | 4 |  4.1

Action                   |  1- 3 |  4- 6 |  7- 9 || total
-------------------------+-------+-------+-------++-------
Melee: Unarmed           |    81 |    77 |    30 ||   188
       Constrict         |    31 |    16 |     1 ||    48
       Tentacles         |    19 |    10 |     3 ||    32
       Kick              |    13 |    18 |     2 ||    33
       Punch             |     2 |     1 |       ||     3
 Cast: Beastly Appendage |    29 |    19 |     1 ||    49
       Spider Form       |       |     3 |     3 ||     6
  Use: Potion            |       |     5 |       ||     5
 Stab: Sleeping          |     7 |     7 |       ||    14
  Eat: Chunk             |     4 |     7 |     2 ||    13
Armor: Skin              |     5 |     2 |     1 ||     8
Dodge: Dodged            |    67 |    40 |    26 ||   133
